 Dungeon Crawl Stone Soup version 0.27.0-1-g7a089689b8 (webtiles) character file.

Game seed: 4868858352975278689

12632 theswoord the Cruncher (level 11, -13/83 HPs)
             Began as a Demonspawn Gladiator on Aug 5, 2021.
             Was a Priest of Wu Jian.
             Mangled by a komodo dragon (23 damage)
             ... on level 10 of the Dungeon.
             The game lasted 00:22:49 (10081 turns).

theswoord the Cruncher (Demonspawn Gladiator)      Turns: 10081, Time: 00:22:50

Health: -13/83     AC: 10    Str: 17    XL:     11   Next: 65%
Magic:  11/11      EV: 13    Int:  9    God:    Wu Jian [***...]
Gold:   426        SH:  0    Dex: 16    Spells: 10/10 levels left

rFire    . . .     SeeInvis .   n - +3 lajatang (spect)
rCold    . . .     Faith    .   (shield currently unavailable)
rNeg     . . .     Spirit   .   y - +0 swamp dragon scales
rPois    +         Reflect  .   (helmet restricted)
rElec    .         Harm     .   x - scarf {shadows}
rCorr    .         Rampage  .   (no gloves)
Will     +....                  (no boots)
Stlth    +.........             (no amulet)
HPRegen  1.23/turn              v - ring of willpower
MPRegen  0.24/turn              (no ring)

@: no status effects
A: horns 1, powered by death 2, magic regeneration, sharp scales 2
a: Renounce Religion, Wall Jump, Serpent's Lash


You were on level 10 of the Dungeon.
You worshipped Wu Jian.
Wu Jian was most pleased with you.
You visited 3 branches of the dungeon, and saw 13 of its levels.
You also visited: Ossuary.

You collected 530 gold pieces.
You spent 104 gold pieces at shops.

Inventory:

Hand Weapons
 a - a +0 quarterstaff
 n - a +3 spectral lajatang (weapon)
Missiles
 d - 3 throwing nets (quivered)
Armour
 b - a +0 leather armour
 c - a +1 helmet
 m - a +0 ring mail
 q - a +0 chain mail
 x - a scarf of shadows (worn)
 y - +0 swamp dragon scales (worn)
Jewellery
 e - a ring of flight
 u - a ring of fire
 v - a ring of willpower (left hand)
 A - an amulet of magic regeneration
 B - a ring of positive energy
 K - an amulet of regeneration
Wands
 l - a wand of iceblast (8)
 D - a wand of digging (9)
 J - a wand of mindburst (13)
 L - a wand of paralysis (8)
Scrolls
 f - a scroll of enchant armour
 h - 3 scrolls of teleportation
 i - 4 scrolls of fog
 k - 2 scrolls of vulnerability
 r - a scroll of torment
 w - a scroll of blinking
 z - 2 scrolls of silence
 E - 3 scrolls of immolation
 G - a scroll of magic mapping
 I - a scroll of noise
Potions
 g - 3 potions of lignification
 j - a potion of invisibility
 o - 8 potions of curing
 p - 3 potions of heal wounds
 s - 2 potions of degeneration
 t - 2 potions of attraction
 C - a potion of might
 H - a potion of resistance
Miscellaneous
 F - a condenser vane


   Skills:
 + Level 6.4 Fighting
 - Level 14.0 Staves
 - Level 1.7 Throwing
 + Level 5.4 Armour
 + Level 6.2 Dodging


You had 10 spell levels left.
You didn't know any spells.
Your spell library was empty.

Dungeon Overview and Level Annotations

Branches:
Dungeon (11/15)            Temple (1/1) D:6            Lair (1/6) D:10
    Orc (0/2) D:9         Ossuary (visited)

Altars:
Ashenzari
Cheibriados
Dithmenos
Elyvilon
Fedhas
Gozag
Hepliaklqana
Kikubaaqudgha
Makhleb
Nemelex Xobeh
Okawaru
Qazlal
Ru
Sif Muna
Trog
Uskayaw
Vehumet
Wu Jian
Xom
Yredelemnul
Zin
The Shining One
Beogh

Shops:
D:5 *

Annotations:
D:9 3 runed translucent doors, stickyfingers's ghost, novice HOMo


Innate Abilities, Weirdness & Mutations

You have a pair of small horns on your head.
You regenerate health from kills.
You regenerate magic rapidly.
You are mostly covered in razor-sharp scales. (AC +2, Slay +2)


Message History

The komodo dragon closely misses you.
You barely miss the komodo dragon. Your headbutt misses the komodo dragon.
The komodo dragon is heavily wounded.
Your spectral +3 spectral lajatang barely misses the komodo dragon.
A yak comes into view.
The komodo dragon bites you. The yak gores you but does no damage.
The yak gores you!
* * * LOW HITPOINT WARNING * * *
There is a staircase back to the Dungeon, spattered with blood here.
The cane toad stings you!
* * * LOW HITPOINT WARNING * * *
The yak barely misses you. The yak misses you.
The komodo dragon barely misses you.
You climb upwards.
Welcome back to the Dungeon!
There is a staircase to the Lair here.
You slice the komodo dragon!!
The komodo dragon is almost dead.
The yak gores you but does no damage. The yak barely misses you.
You hit the komodo dragon but do no damage.
The komodo dragon is almost dead.
The komodo dragon closely misses you.
You barely miss the komodo dragon.
You headbutt the komodo dragon, but do no damage.
The komodo dragon is almost dead.
The yak gores you!
* * * LOW HITPOINT WARNING * * *
The yak gores you.
* * * LOW HITPOINT WARNING * * *
The komodo dragon bites you.
* * * LOW HITPOINT WARNING * * *
You closely miss the komodo dragon.
You headbutt the komodo dragon, but do no damage.
The komodo dragon is almost dead.
The yak gores you!
* * * LOW HITPOINT WARNING * * *
The yak gores you.
* * * LOW HITPOINT WARNING * * *
The komodo dragon bites you!!
You die...

#.# #......######## #.#
#......##.....# #.##
#...........P.## #..#
#####..P..P....########### ##.#
#..PP.P.........#.....# ####.##
##...........P.......... ......#
##P..P.....PPP...........
....#.###......####..PP..........
....#......P:..#@Y#...........>..
.......##..P..P#lYF..............
..)........P.P.####.....^/......#
......#(...PP.P....P...........##
.....###.#...P....P.......#...##.
####..##.##...P.P....P.#..#####..
##.##..##...P.........## #⌠..
#.###...#........##### ##..
#####.#####.#......#.###########.


You could see a komodo dragon, 2 yaks and a cane toad.

Vanquished Creatures
  3 two-headed ogres
  Pikel (D:7)
  A gargoyle (D:10)
  Maggie (D:7)
  2 komodo dragons
  3 trolls
  A hornet (D:11)
  A water elemental (D:11)
  A shadow (D:9)
  A vampire (D:10)
  A wyvern (D:10)
  17 yaks
  A steam dragon (D:6)
  4 vampire mosquitoes (D:8)
  Menkaure (D:7)
  3 water moccasins
  5 orc warriors
  4 sky beasts
  A black bear (D:4)
  3 ogres
  A centaur (D:9)
  A kobold brigand (D:8)
  3 elf zombies (Ossuary)
  A wyvern zombie (D:8)
  A gnoll sergeant (D:5)
  3 bullfrogs
  3 scorpions (D:10)
  A wyvern skeleton (D:7)
  8 killer bees
  A wight (D:7)
  An electric eel (D:11)
  2 howler monkeys
  7 centaur zombies
  A bullfrog zombie (D:7)
  5 hounds
  4 human zombies (Ossuary)
  2 jellies
  6 orc priests
  A gnoll shaman (D:8)
  An iguana (D:6)
  3 centaur skeletons
  3 orc wizards
  3 mummies (Ossuary)
  A howler monkey zombie (D:7)
  7 adders
  14 gnolls
  A howler monkey skeleton (D:7)
  A shadow imp (D:7)
  An ufetubus (D:6)
  2 worms (D:3)
  A dart slug (D:2)
  25 orcs
  6 endoplasms
  4 giant cockroaches
  3 goblins (D:2)
  8 hobgoblins
  9 jackals
  3 quokkas
  4 ball pythons
  4 bats
  5 frilled lizards
  11 kobolds
  A rat (D:3)
228 creatures vanquished.

Vanquished Creatures (others)
  2 fungi (D:10)
  6 plants (D:10)
8 creatures vanquished.

Grand Total: 236 creatures vanquished

Notes
Turn   | Place    | Note
-------+----------+-------------------------------------------
     0 | D:1      | theswoord the Demonspawn Gladiator began the quest for the
                  | Orb.
     0 | D:1      | Reached XP level 1. HP: 16/16 MP: 1/1
   314 | D:1      | Reached skill level 3 in Staves
   523 | D:1      | Gained mutation: You regenerate magic rapidly. [demonic
                  | ancestry]
   523 | D:1      | Reached XP level 2. HP: 5/22 MP: 2/2
   963 | D:1      | Found a faded altar of an unknown god.
   978 | D:1      | Found a faded altar of an unknown god.
  1503 | D:2      | Gained mutation: You regenerate a little health from kills.
                  | [demonic ancestry]
  1503 | D:2      | Reached XP level 3. HP: 27/27 MP: 3/3
  1689 | D:2      | Reached skill level 4 in Staves
  2535 | D:3      | Gained mutation: You regenerate health from kills. [demonic
                  | ancestry]
  2535 | D:3      | Reached XP level 4. HP: 33/33 MP: 4/4
  3120 | D:4      | Found a sand-covered staircase.
  3125 | Ossuary  | Entered an ossuary
  3207 | Ossuary  | Reached skill level 5 in Staves
  3207 | Ossuary  | Reached XP level 5. HP: 34/38 MP: 5/5
  3237 | Ossuary  | Reached skill level 6 in Staves
  3250 | Ossuary  | Gained mutation: You have a pair of small horns on your
                  | head. [demonic ancestry]
  3250 | Ossuary  | Reached XP level 6. HP: 19/44 MP: 6/6
  3498 | Ossuary  | Reached skill level 7 in Staves
  3623 | Ossuary  | Reached XP level 7. HP: 50/50 MP: 7/7
  3871 | D:4      | Reached skill level 8 in Staves
  4319 | D:5      | Entered Level 5 of the Dungeon
  4600 | D:5      | Reached skill level 9 in Staves
  4600 | D:5      | Gained mutation: You are partially covered in razor-sharp
                  | scales. (AC +1, Slay +1) [demonic ancestry]
  4600 | D:5      | Reached XP level 8. HP: 32/56 MP: 8/8
  5032 | D:5      | Found Xovyul's General Store.
  5061 | D:5      | Bought a scroll of teleportation for 39 gold pieces
  5061 | D:5      | Bought a potion of heal wounds for 65 gold pieces
  5580 | D:6      | Identified a scroll of acquirement
  5580 | D:6      | Acquired a +2 spectral lajatang
  5596 | D:6      | Reached skill level 10 in Staves
  5952 | D:6      | Found a staircase to the Ecumenical Temple.
  6107 | Temple   | Entered the Ecumenical Temple
  6302 | Temple   | Became a worshipper of the Wu Jian Council
  6659 | D:7      | Reached skill level 11 in Staves
  6659 | D:7      | Reached XP level 9. HP: 61/61 MP: 9/9
  6685 | D:7      | Noticed Menkaure
  6696 | D:7      | Killed Menkaure
  7036 | D:7      | Noticed Pikel
  7057 | D:7      | Killed Pikel
  7060 | D:7      | Identified the +7 hand axe "Kaviw" {drain, +Blink}
  7125 | D:7      | Noticed an angel
  7128 | D:7      | Found a shimmering altar of Xom.
  7140 | D:7      | Found a snail-covered altar of Cheibriados.
  7141 | D:7      | Found a blossoming altar of Fedhas.
  7233 | D:7      | Noticed Maggie
  7238 | D:7      | Killed Maggie
  7239 | D:7      | Reached skill level 12 in Staves
  7585 | D:7      | Reached * piety under Wu Jian
  7804 | D:8      | Reached skill level 13 in Staves
  7954 | D:8      | Gained mutation: You are mostly covered in razor-sharp
                  | scales. (AC +2, Slay +2) [demonic ancestry]
  7954 | D:8      | Reached XP level 10. HP: 60/67 MP: 10/10
  8251 | D:9      | Noticed a two-headed ogre
  8256 | D:9      | Killed a two-headed ogre
  8606 | D:9      | Found a staircase to the Orcish Mines.
  8691 | D:9      | Reached ** piety under Wu Jian
  8988 | D:9      | Reached skill level 14 in Staves
  9189 | D:9      | Found a runed translucent gate.
  9189 | D:9      | Found a runed translucent gate.
  9190 | D:9      | Found a runed translucent gate.
  9190 | D:9      | Noticed stickyfingers's ghost (novice HOMo)
  9225 | D:9      | Reached skill level 1 in Armour
  9312 | D:10     | Entered Level 10 of the Dungeon
  9405 | D:10     | Noticed a two-headed ogre
  9409 | D:10     | Killed a two-headed ogre
  9440 | D:10     | Noticed a gargoyle
  9444 | D:10     | Killed a gargoyle
  9496 | D:10     | Reached XP level 11. HP: 77/77 MP: 11/11
  9504 | D:10     | Found a staircase to the Lair.
  9811 | D:11     | Reached skill level 5 in Fighting
  9811 | D:11     | Reached skill level 5 in Dodging
  9816 | D:11     | Noticed a two-headed ogre
  9840 | D:11     | Reached *** piety under Wu Jian
  9860 | D:11     | Killed a two-headed ogre
  9861 | D:11     | Reached skill level 5 in Armour
 10065 | Lair:1   | Entered Level 1 of the Lair of Beasts
 10067 | Lair:1   | Noticed a five-headed hydra
 10081 | D:10     | Mangled by a komodo dragon

Skill      XL: |  1  2  3  4  5  6  7  8  9 10 11 |
---------------+----------------------------------+-----
Staves         | 3 4 5 6 7 9 11 13 14 | 14.0
Armour         | 3 5 |  5.4
Dodging        | 4 6 |  6.2
Fighting       | 4 6 |  6.4
Throwing       | |  1.7

Action                   |  1- 3 |  4- 6 |  7- 9 | 10-12 || total
-------------------------+-------+-------+-------+-------++-------
Melee: Quarterstaff      |   114 |   182 |   131 |       ||   427
       Headbutt          |       |    26 |    47 |    42 ||   115
       Lajatang          |       |       |   106 |   179 ||   285
Invok: Lunge             |       |       |    15 |    16 ||    31
       Whirlwind         |       |       |     1 |     5 ||     6
Evoke: Wand              |       |       |     8 |     7 ||    15
  Use: Scroll            |       |     9 |     6 |     9 ||    24
       Potion            |       |     1 |       |     1 ||     2
 Stab: Sleeping          |     2 |       |       |       ||     2
       Distracted        |       |       |       |     1 ||     1
Armor: Leather armour    |    35 |       |       |       ||    35
       Ring mail         |    14 |    65 |    14 |       ||    93
       Chain mail        |       |       |    51 |       ||    51
       Swamp dragon scal |       |       |     6 |    40 ||    46
Dodge: Dodged            |    91 |   100 |    89 |    66 ||   346

Levels and vault maps discovered:
D:1:      psy_arrival_dodecagon, layout_loops_corners,
          hellmonk_ecumenical_altar_the_god_not_taken, amethyst_killhole
D:2:      layout_basic, kennysheep_small_spiral, chequers_serial_rivers_small_b
D:3:      layout_rooms, minmay_hedge_maze
D:4:      layout_basic, enter_ossuary_2
D:5:      layout_cave_pools, serial_shops, shop
D:6:      layout_basic, minmay_temple_entry_mist
D:7:      layout_cave_pods, grunt_temple_overflow_order_and_chaos_1,
          mainiacjoe_overflow_big_doors, minmay_bent, uniq_maggie, uniq_pikel,
          uniq_menkaure
D:8:      layout_basic
D:9:      layout_irregular_city, minmay_orc_entry_temple_large,
          ebering_ghost_rock_garden
D:10:     layout_rooms, grunt_lair_entry_orc_guard_hut, nzn_life_drinkers
D:11:     layout_basic, minmay_misc_feat_alley
Temple:   eino_narrow_crystal_temple
Lair:1:   layout_cave_shapes, uniq_joseph, uniq_grum
